 Dungeon Crawl Stone Soup version 0.32-a0-933-ga8fa3634e4 (webtiles) character file.

Game seed: 17764743267291843407

95 runemasterragnar the Shooter (level 4, 0/34 HPs)
             Began as a Coglin Hunter on Apr 14, 2024.
             Blown up by Ijyb (2 damage)
             ... with a mindburst bolt
             ... on level 2 of the Dungeon.
             The game lasted 00:01:35 (2256 turns).

runemasterragnar the Shooter (Coglin Hunter)        Turns: 2256, Time: 00:01:37

Health: 0/34       AC:  4    Str: 11    XL:     4   Next: 65%
Magic:  4/4        EV: 11    Int:  8    God:
Gold:   135        SH:  0    Dex: 20    Spells: 3/3 levels left

rFire   . . .        a - +2 sling {Apolônia}
rCold   . . .        d - +0 sling {Oma}
rNeg    . . .        c - +1 leather armour
rPois   .            (no helmet)
rElec   .            (no cloak)
rCorr   .            (no gloves)
SInv    .            (no boots)
Will    .....        (amulet unavailable)
Stlth   ++           (ring unavailable)
HPRegen 0.25/turn    (ring unavailable)
MPRegen 0.09/turn    (no gizmo)

%: no passive effects
@: revved
A: off-hand wielding, slow wielding, warmup strikes, no jewellery
a: Invent Gizmo


You were on level 2 of the Dungeon.
You visited 1 branch of the dungeon, and saw 3 of its levels.

You collected 135 gold pieces.

Inventory:

Hand Weapons
 a - a +2 sling (weapon) {Apolônia}
 d - a +0 sling (offhand) {Oma}
Armour
 c - a +1 leather armour (worn)
Scrolls
 e - a scroll of enchant armour
 f - a scroll of fear
 g - a scroll of torment {unknown}
 h - a scroll of teleportation {unknown}
 j - a scroll of enchant weapon {unknown}
 m - a scroll of fog {unknown}
Potions
 i - a potion of resistance
 k - 2 potions of attraction
 l - a potion of ambrosia {unknown}
 n - 2 potions of heal wounds
 o - a potion of degeneration {unknown}


   Skills:
 + Level 2.7 Fighting
 * Level 4.4 Ranged Weapons
 + Level 2.4 Dodging
 + Level 1.7 Stealth


You had 3 spell levels left.
You didn't know any spells.
Your spell library contained the following spells:

 Spells                   Type           Power      Damage    Failure   Level
 Jinxbite                 Hex            0%         N/A       65%         2
 Lesser Beckoning         Tloc           0%         N/A       65%         2
 Maxwell's Portable Pile  Tloc           0%         2d(5-13)  86%         3
 Teleport Other           Tloc           0%         N/A       86%         3
 Yara's Violent Unravell  Hex/Alch       0%         3d3       100%        5
 Enfeeble                 Hex            0%         N/A       100%        7


Dungeon Overview and Level Annotations

Branches:
Dungeon (3/15)

Altars:

Annotations:
D:2 Ijyb


Innate Abilities, Weirdness & Mutations

You can wield a second weapon in your off-hand.
It takes a long time for you to wield or remove held weapons.
Your first few attacks do less damage.
You cannot equip rings or amulets.


Message History

There is a stone staircase leading down here.
You climb downwards.
Level annotation: Ijyb
There is a stone staircase leading up here.
Unknown command.
Ijyb barely misses you.
You climb upwards.
There is a stone staircase leading down here.
Unknown command.
You aren't carrying any items that you can evoke.
Okay, then.
Okay, then.
You shoot a sling bullet. The sling bullet closely misses Ijyb.
You shoot a sling bullet. The sling bullet closely misses Ijyb.
Ijyb closely misses you.
You shoot a sling bullet.
The sling bullet completely misses Ijyb.
You shoot a sling bullet. The sling bullet barely misses Ijyb.
Ijyb zaps a wand.
Your mind is blasted!
Ijyb barely misses you.
You shoot a sling bullet.
The sling bullet hits Ijyb but does no damage.
You shoot a sling bullet.
The sling bullet hits Ijyb but does no damage.
Ijyb zaps a wand.
You barely resist. You shoot a sling bullet.
The sling bullet closely misses Ijyb.
You shoot a sling bullet. The sling bullet barely misses Ijyb.
Ijyb barely misses you.
You shoot a sling bullet. The sling bullet barely misses Ijyb.
You shoot a sling bullet. The sling bullet hits Ijyb.
Ijyb is lightly wounded.
Ijyb zaps a wand.
Your mind is blasted!
Ouch! That really hurt!
* * * LOW HITPOINT WARNING * * *
You shoot a sling bullet. The sling bullet hits Ijyb.
Ijyb is moderately wounded.
You shoot a sling bullet.
The sling bullet completely misses Ijyb.
Ijyb zaps a wand.
Your mind is blasted!
You die...
Ijyb screams, "Time for next experiment!"

..........#.#....................
######'####.#.........:..........
#.#....#....................
#.#.##.######.######........
#.#.#########.## #........ #.#.#
#.......)#####........ #÷#.#
#.....)......'..)..... #.#.#
#....[...#####........ #.#.#
#....@...# ######### #.#.#
#...g....# #....... #.#.#
#<.......# #.###### ####.#.#
#........# #.# ###....#.#
#........# #.# ......##.#
########## #.#
......##.############## #.#
......##........%.....# #.#
......###############.# #.# ##


You could see Ijyb.

Vanquished Creatures
  Terence (D:3)
  2 adders (D:2)
  A ribbon worm (D:2)
  2 orcs
  A ball python (D:1)
  5 bats
  4 endoplasms
  3 giant cockroaches
  4 goblins
  A hobgoblin (D:1)
  3 jackals (D:2)
  3 quokkas (D:2)
  2 frilled lizards
  5 kobolds
  9 rats
46 creatures vanquished.

Notes
Turn   | Place    | Note
-------+----------+-------------------------------------------
     0 | D:1      | runemasterragnar the Coglin Hunter began the quest for the
                  | Orb.
     0 | D:1      | Reached XP level 1. HP: 16/16 MP: 1/1
     6 | D:1      | Noticed a ragged hierophant
     6 | D:1      | Noticed a tyrant leech
     6 | D:1      | Noticed a basilisk
     7 | D:1      | Noticed a centaur warrior
     7 | D:1      | Noticed a hell rat
    61 | D:1      | Reached skill level 1 in Stealth
    73 | D:1      | Reached XP level 2. HP: 22/22 MP: 2/2
   981 | D:2      | Reached XP level 3. HP: 27/27 MP: 3/3
  1056 | D:2      | Reached skill level 4 in Ranged Weapons
  1772 | D:2      | Reached XP level 4. HP: 29/34 MP: 4/4
  1923 | D:3      | Noticed Terence
  1928 | D:3      | Killed Terence
  2028 | D:3      | Noticed Ijyb
  2256 | D:2      | Blown up by Ijyb

Illustrated notes

Levels and vault maps discovered:
D:1:      onia_arrival_zoo_common, layout_basic,
          amcnicky_mini_rare_corridor_liquid
D:2:      layout_basic, minmay_unequal
D:3:      layout_loops_cross, uniq_ijyb, uniq_terence, uniq_crazy_yiuf_cottage

Skill      XL: |  1  2  3 |
---------------+----------+-----
Stealth        | 1 |  1.7
Dodging        | 2 |  2.4
Ranged Weapons | 4 |  4.4
Fighting       | |  2.7

Action                     |  1- 3 |  4- 6 || total
---------------------------+-------+-------++-------
   Fire: Sling             |   154 |    38 ||   192
    Use: Scroll            |       |     6 ||     6
 Armour: Leather armour    |    10 |       ||    10
  Dodge: Dodged            |    15 |     5 ||    20

Table legend: (Time is in decaauts)
 A = Elapsed time spent in this place.
 B = Non-inter-level travel time spent in this place.
 C = Inter-level travel time spent in this place.
 D = Time resting spent in this place.
 E = Time spent auto-exploring this place.
 F = Levels seen in this place.
 G = Mean time per level.
                   A        B        C        D        E       F      G
               +--------+--------+--------+--------+--------+-----+--------+
         Total |   2280 |   2244 |     36 |    178 |   1808 |   3 |  760.0 |
       Dungeon |   2280 |   2244 |     36 |    178 |   1808 |   3 |  760.0 |
               +--------+--------+--------+--------+--------+-----+--------+

Top non-repeatable levels by time:
     D:2: 1253 daAuts
     D:1: 870 daAuts
     D:3: 156 daAuts
